 Dungeon Crawl Stone Soup version 0.31-a0-142-g31f6795574 (webtiles) character file.

Game seed: 1751964884426402536

39 Kenran the Poker (level 3, 0/29 HPs)
             Began as a Human Chaos Knight on June 3, 2023.
             Was a Plaything of Xom.
             Slain by a cerulean imp
             ... wielding a +2 spear
             ... summoned by Natasha
              (3 damage)
             ... on level 2 of the Dungeon.
             The game lasted 00:01:46 (787 turns).

Kenran the Poker (Human Chaos Knight)                Turns: 787, Time: 00:01:46

Health: 0/29       AC:  6    Str: 20    XL:     3   Next: 67%
Magic:  0/3        EV: 10    Int: 12    God:    Xom [.....*]
Gold:   11         SH:  0    Dex: 12    Spells: 2/2 levels left

rFire   . . .        e - +0 mace
rCold   . . .        (no shield)
rNeg    . . .        l - +0 scale mail
rPois   +            (helmet restricted)
rElec   +            (no cloak)
rCorr   .            (no gloves)
SInv    .            (no boots)
Will    .....        (no amulet) Stlth
                     a - ring of poison resistance
HPRegen 0.24/turn    f - +6 ring of strength
MPRegen 0.08/turn

%: no passive effects
@: attractive
A: horns 1, mutation resistance 1, electricity resistance, MP-powered wands
a: Renounce Religion


You were on level 2 of the Dungeon.
You worshipped Xom.
You were Xom's teddy bear.
You visited 1 branch of the dungeon, and saw 2 of its levels.

You collected 11 gold pieces.

Inventory:

Hand Weapons
 e - a +0 mace (weapon)
Missiles
 d - 2 silver javelins
Armour
 l - a +0 scale mail (worn)
Jewellery
 a - a ring of poison resistance (left hand)
 f - a +6 ring of strength (right hand)
Wands
 i - a wand of charming (4)
Scrolls
 h - a scroll of summoning {unknown}
 j - a scroll of noise {unknown}
 k - a scroll of immolation {unknown}
Miscellaneous
 c - a piece from Xom's chessboard (15/15) (quivered)


   Skills:
 - Level 3.0 Fighting
 + Level 2.9 Maces & Flails
 - Level 3.0 Polearms
 - Level 2.0 Armour
 - Level 1.0 Dodging


You had 2 spell levels left.
You didn't know any spells.
Your spell library was empty.

Dungeon Overview and Level Annotations

Branches:
Dungeon (2/15)

Altars:

Annotations:
D:2 Natasha


Innate Abilities, Weirdness & Mutations

You have a pair of small horns on your head.
You are somewhat resistant to further mutation.
You are resistant to electric shocks. (rElec)
You expend magic power (3 MP) to strengthen your wands.


Message History

Natasha, Servant of Life and Death comes into view.
Natasha hisses angrily.
Natasha claws you but does no damage.
You hit Natasha.
Natasha is lightly wounded.
Natasha misses you.
You hit Natasha but do no damage.
Natasha is lightly wounded.
Natasha barely misses you. Natasha claws you!
You hit Natasha.
Natasha is moderately wounded.
Natasha wildly gestures.
Natasha's front paws start to glow.
Natasha closely misses you.
You hit Natasha.
Natasha is heavily wounded.
Natasha stares at you and mumbles some strange words.
The magic dart hits you!
You are too injured to fight recklessly!
You are too injured to fight recklessly!
You closely miss Natasha.
Natasha is heavily wounded.
Natasha claws you!
* * * LOW HITPOINT WARNING * * *
Natasha claws you.
* * * LOW HITPOINT WARNING * * *
You closely miss Natasha. Your headbutt misses Natasha.
Natasha is heavily wounded.
Natasha closely misses you.
It was a potion of attraction.
You feel attractive to monsters.
Natasha casts a spell.
Aiming: Charm
Press: ? - help, Shift-Dir - straight line, f - Natasha
Aim: Natasha (heavily wounded, chance to affect: 52%) Natasha resists with significant effort.
Natasha barely misses you.
The cerulean imp hits you from afar with a +2 spear.
You die...
Xom guffaws!

## ######...
#........ #.5......
#h.......
####@.......
#...........
########.#######...
#....<...# .
#.########


You could see Natasha and a cerulean imp (summoned).

Vanquished Creatures
  A gnoll (D:1)
  A dart slug (D:1)
  3 endoplasms (D:1)
  A giant cockroach (D:1)
  7 goblins (D:1)
  2 jackals (D:1)
  3 kobolds (D:1)
  2 bats (D:1)
  A frilled lizard (D:1)
  3 rats (D:1)
24 creatures vanquished.

Notes
Turn   | Place    | Note
-------+----------+-------------------------------------------
     0 | D:1      | Kenran the Human Chaos Knight began the quest for the Orb.
     0 | D:1      | Reached XP level 1. HP: 18/18 MP: 1/1
    18 | D:1      | XOM: potion effect (haste)
    81 | D:1      | Reached skill level 1 in Maces & Flails
   109 | D:1      | Reached XP level 2. HP: 16/24 MP: 2/2
   194 | D:1      | XOM: 4-stop teleportation journey
   240 | D:1      | Reached XP level 3. HP: 25/29 MP: 3/3
   423 | D:1      | XOM: god gift: wand of charming (5)
   745 | D:1      | XOM: give mutations
   745 | D:1      | Gained mutation: You have a pair of small horns on your
                  | head. [Xom's grace]
   745 | D:1      | Gained mutation: You are somewhat resistant to further
                  | mutation. [Xom's grace]
   745 | D:1      | Gained mutation: You expend magic power (3 MP) to
                  | strengthen your wands. [Xom's grace]
   745 | D:1      | Gained mutation: You are resistant to electric shocks.
                  | (rElec) [Xom's grace]
   778 | D:2      | Noticed Natasha
   787 | D:2      | Slain by a cerulean imp

Illustrated notes

Levels and vault maps discovered:
D:1:      psy_arrival_spokes, layout_basic, serial_corexii_hall,
          corexii_hall_statues_i, corexii_hall_statues_x,
          chequers_hall_statues_wall_a, corexii_hall_statues_i,
          corexii_hall_statues_i, chequers_hall_statues_y
D:2:      minmay_chambers_of_ones, layout_basic, basic_ecumenical_altar,
          nicolae_eternal_life, corexii_leaking_fountain,
          hangedman_decor_clover_reticule, uniq_natasha

Skill      XL: |  1 |
---------------+----+-----
Maces & Flails | 2 |  2.9
Fighting       | |  3.0
Polearms       | |  3.0
Armour         | |  2.0
Dodging        | |  1.0

Action                     || total
---------------------------++-------
  Melee: Mace              ||    82
         Spear             ||    10
         Punch             ||     2
  Evoke: Wand              ||     1
    Use: Potion            ||     1
   Stab: Sleeping          ||     1
 Armour: Leather armour    ||    30
         Scale mail        ||     5
  Dodge: Dodged            ||    53

Table legend: (Time is in decaauts)
 A = Elapsed time spent in this place.
 B = Non-inter-level travel time spent in this place.
 C = Inter-level travel time spent in this place.
 D = Time resting spent in this place.
 E = Time spent auto-exploring this place.
 F = Levels seen in this place.
 G = Mean time per level.
                   A        B        C        D        E       F      G
               +--------+--------+--------+--------+--------+-----+--------+
         Total |    789 |    771 |     18 |    166 |    333 |   2 |  394.5 |
       Dungeon |    789 |    771 |     18 |    166 |    333 |   2 |  394.5 |
               +--------+--------+--------+--------+--------+-----+--------+

Top non-repeatable levels by time:
     D:1: 772 daAuts
     D:2: 17 daAuts
